 Dungeon Crawl Stone Soup version 0.29-a0-330-g52719c12eb (webtiles) character file.

Game seed: 14363612655813221578

322 lorenzova the Vexing (level 6, -3/28 HPs)
             Began as a Spriggan Enchanter on May 29, 2022.
             Slain by an orc warrior
             ... wielding a +0 flail
              (14 damage)
             ... on level 4 of the Dungeon.
             The game lasted 00:12:31 (5515 turns).

lorenzova the Vexing (Spriggan Enchanter)           Turns: 5515, Time: 00:12:31

Health: -3/28      AC:  2    Str:  4    XL:     6   Next: 22%
Magic:  14/16      EV: 17    Int: 17    God:
Gold:   193        SH:  5    Dex: 17    Spells: 12/17 levels left

rFire   . . .      SeeInvis +   h - +1 dagger (venom)
rCold   . . .      Faith    .   (no shield)
rNeg    . . .      Spirit   .   b - +0 robe
rPois   .          Reflect  +   (helmet restricted)
rElec   .          Harm     .   (no cloak)
rCorr   .          Rampage  .   (gloves unavailable)
Will    +....                   (boots unavailable)
Stlth   +++.......              r - amulet of reflection
HPRegen 0.09/turn               (no ring)
MPRegen 0.15/turn               (no ring)

@: very quick
A: very small, no large weapons, unfitting armour, see invisible, speed 3
a: no special abilities


You were on level 4 of the Dungeon.
You visited 1 branch of the dungeon, and saw 4 of its levels.

You collected 193 gold pieces.

Inventory:

Hand Weapons
 a - a +1 dagger
 h - a +1 dagger of venom (weapon)
Armour
 b - a +0 robe (worn)
Magical Staves
 d - a staff of cold
Jewellery
 r - an amulet of reflection (around neck)
Scrolls
 e - 3 scrolls of teleportation
 g - a scroll of magic mapping
 j - 2 scrolls of fog {unknown}
 k - 2 scrolls of blinking
 l - a scroll of enchant weapon {unknown}
 m - 2 scrolls of immolation
 n - a scroll of amnesia {unknown}
 o - a scroll of acquirement {unknown}
Potions
 c - 2 potions of invisibility
 f - 2 potions of heal wounds {unknown}
 i - a potion of cancellation {unknown}
 p - a potion of resistance
 q - a potion of flight {unknown}
 s - 2 potions of curing {unknown}
 t - a potion of might {unknown}


   Skills:
 - Level 1.1 Short Blades
 - Level 2.6 Dodging
 - Level 4.4 Stealth
 + Level 6.0 Spellcasting
 + Level 6.5 Hexes


You had 12 spell levels left.
You knew the following spells:

 Your Spells              Type           Power      Damage    Failure   Level
b - Ensorcelled Hibernat  Hex/Ice        32%        N/A       4%          2
c - Confusing Touch       Hex            27%        N/A       2%          3

Your spell library contained the following spells:

 Spells                   Type           Power      Damage    Failure   Level
 Tukima's Dance           Hex            27%        N/A       2%          3
 Dazzling Flash           Conj/Hex       32%        N/A       10%         3
 Ozocubu's Armour         Ice            5%         N/A       36%         3
 Yara's Violent Unravell  Hex/Tmut       8%         3d5       67%         5
 Enfeeble                 Hex            13%        N/A       100%        7
 Ozocubu's Refrigeration  Ice            2%         4d5       100%        7


Dungeon Overview and Level Annotations

Branches:
Dungeon (4/15)
 Temple: D:4-7

Altars:
Fedhas
Makhleb
Nemelex Xobeh
Qazlal
Vehumet


Innate Abilities, Weirdness & Mutations

You are very small and have problems with some larger weapons.
You are too small for most types of armour.
You have supernaturally acute eyesight. (SInv)
You cover ground extremely quickly. (Speed+++)


Message History

You hit the orc warrior but do no damage.
The orc warrior is heavily wounded.
The orc hits you but does no damage.
The orc warrior hits the orc with a +0 flail!
The orc is killed!
You strike the helpless orc warrior from behind!
You puncture the orc warrior!
The orc warrior is almost dead.
The orc warrior completely misses you.
You barely miss the orc warrior.
The orc warrior is almost dead.
You hit the orc warrior but do no damage.
The orc warrior is almost dead.
The orc warrior closely misses you.
You hit the orc warrior but do no damage.
The orc warrior is almost dead.
The orc warrior hits you with a +0 flail!
The orc warrior barely misses itself.
You hit the orc warrior but do no damage.
The orc warrior is almost dead.
You hit the orc warrior.
The orc warrior is almost dead.
The orc warrior says, "I'm a little confused."
The orc warrior closely misses you.
You hit the orc warrior but do no damage.
The orc warrior is almost dead.
You are too injured to fight recklessly!
Casting: Confusing Touch (dangerous; 2% risk of failure)
Confirm with . or Enter, or press ? or * to list all spells.
Aiming: Ensorcelled Hibernation (safe; 4% risk of failure)
Press: ? - help, Shift-Dir - straight line, f - you That would be overly suicidal.
Okay, then.
Unknown command.
Unknown command.
Unknown command.
The orc warrior seems less confused.
The orc warrior hits you with a +0 flail!
Ouch! That really hurt!
You die...

####.#######.#### #.......#...
##...............###.......#...
#......#.......................
####..<.......##..........#..#.
##.......................##$
#....##..........<......###
#####.#..#..........>.........
#...........##...)...o........
#........##..@..........o#....
#........#.)..o..##...........
#..........####[##........)...
#........### #..#..†.###..#...
##........# #.....†[........S
#8..8##...# ##...>#..#####....
#....##...# #..#..#.##<.......
##..###...# #.##.......#######
#.....##### #(.......###


You could see an orc warrior (resistant).

Vanquished Creatures
  Blork the orc (D:4)
  A scorpion (D:4)
  A hound (D:4)
  An iguana (D:3)
  7 adders
  A dart slug (D:2)
  3 orcs
  6 endoplasms
  A giant cockroach (D:2)
  5 goblins
  7 hobgoblins
  3 jackals (D:3)
  9 kobolds
  3 quokkas
  8 ball pythons
  7 bats
  4 frilled lizards
  2 rats (D:1)
70 creatures vanquished.

Vanquished Creatures (others)
  A giant cockroach (D:1)
  2 plants (D:1)
3 creatures vanquished.

Grand Total: 73 creatures vanquished

Notes
Turn   | Place    | Note
-------+----------+-------------------------------------------
     0 | D:1      | lorenzova the Spriggan Enchanter began the quest for the
                  | Orb.
     0 | D:1      | Reached XP level 1. HP: 9/9 MP: 5/5
   501 | D:1      | Reached XP level 2. HP: 9/13 MP: 7/7
   979 | D:1      | Learned a level 2 spell: Ensorcelled Hibernation
  1893 | D:2      | Reached XP level 3. HP: 13/16 MP: 3/9
  2545 | D:2      | Reached XP level 4. HP: 21/21 MP: 8/11
  2549 | D:2      | Reached skill level 5 in Hexes
  3032 | D:3      | Learned a level 3 spell: Confusing Touch
  3099 | D:3      | Found a blossoming altar of Fedhas.
  3130 | D:3      | Found a stormy altar of Qazlal.
  3661 | D:3      | Reached skill level 5 in Spellcasting
  3661 | D:3      | Reached XP level 5. HP: 21/24 MP: 11/13
  4159 | D:4      | Noticed Blork the orc
  4175 | D:4      | Killed Blork the orc
  4269 | D:4      | Noticed a phantom
  4352 | D:4      | Noticed a phantom
  4369 | D:4      | Noticed an orc warrior
  4372 | D:4      | Found a burning altar of Makhleb.
  5215 | D:4      | Reached XP level 6. HP: 27/28 MP: 11/16
  5444 | D:4      | Found a sparkling altar of Nemelex Xobeh.
  5447 | D:4      | Found a radiant altar of Vehumet.
  5515 | D:4      | Slain by an orc warrior

Illustrated notes

Levels and vault maps discovered:
D:1:      tarquinn_simple_flora_water_b, layout_basic, serial_forest,
          infiniplex_forest_clump_cross, infiniplex_forest_straight_1,
          infiniplex_forest_clump_medium, infiniplex_forest_end_3,
          lemuel_flame_loot_1
D:2:      layout_basic, chequers_serial_rivers_micro_e
D:3:      layout_loops_ring, nicolae_qazlal_eye_of_the_storm, fedhas_altar_2,
          minmay_puff
D:4:      layout_rooms, overflow_temple_1_default, minitemple,
          mainiacjoe_overflow_24_doors, uniq_blork_the_orc

Skill      XL: |  1  2  3  4  5 |
---------------+----------------+-----
Spellcasting   | 3 4 5 6 |  6.0
Hexes          | 4 5 6 |  6.5
Short Blades   | |  1.1
Dodging        | |  2.6
Stealth        | |  4.4

Action                   |  1- 3 |  4- 6 || total
-------------------------+-------+-------++-------
Melee: Dagger            |    99 |   114 ||   213
       Punch             |       |     1 ||     1
 Cast: Ensorcelled Hiber |    16 |    21 ||    37
       Confusing Touch   |       |     2 ||     2
  Use: Scroll            |       |     5 ||     5
 Stab: Sleeping          |    17 |    15 ||    32
       Confused          |       |     2 ||     2
Armor: Robe              |    10 |    10 ||    20
Dodge: Dodged            |    77 |    97 ||   174
Block: Other             |       |     9 ||     9

Table legend: (Time is in decaauts)
 A = Elapsed time spent in this place.
 B = Non-inter-level travel time spent in this place.
 C = Inter-level travel time spent in this place.
 D = Time resting spent in this place.
 E = Time spent auto-exploring this place.
 F = Levels seen in this place.
 G = Mean time per level.
                   A        B        C        D        E       F      G
               +--------+--------+--------+--------+--------+-----+--------+
         Total |   4418 |   4199 |    219 |   2139 |   1247 |   4 | 1104.5 |
       Dungeon |   4418 |   4199 |    219 |   2139 |   1247 |   4 | 1104.5 |
               +--------+--------+--------+--------+--------+-----+--------+

Top non-repeatable levels by time:
     D:1: 1497 daAuts
     D:3: 1480 daAuts
     D:2: 904 daAuts
     D:4: 536 daAuts
